AoeStats
← TermedSine3328

MegaRandom

510434567Analyzed
4v4 RM · 17h ago on Oct 1, 2026· 50m 46s· 8 players
Game mode
Random Map
Map size
Large (8 player)
Population
200
Speed
Normal
Resources
Standard
Victory
Conquest
Starting age
Dark Age
Ending age
Imperial Age
RankedLock teamsTeams togetherTeam positionsShared explorationLock speedFull tech treeHidden civsTurbo modeCheats
Victory
Defeat
🇨🇳 Inca · China
1050
+14
🇫🇷 Saxons · France
1027
+15
🇺🇸 Spanish · United States
1024
+15
🇨🇳 Italians · China
1019
+15
🇨🇱 Persians · Chile
1077
-18
🇵🇪 Spanish · Peru
1000
-45
🇦🇷 Khmer · Argentina
995
-14
🇵🇪 Saracens · Peru
939
-12
TermedSine3328
15:59 Feudal Age
14:50 Loom
20:39 Man-at-Arms
Chuky Ⓤ
0:33 Loom
14:25 Feudal Age
15:06 Horse Collar
15:13 Double-Bit Axe
18:25 Gold Mining
18:29 Stone Mining
21:48 Castle Age
22:04 Wheelbarrow
21:17 Town Watch
23:56 Bow Saw
24:37 Heavy Plow
30:17 Hand Cart
32:18 Gold Shaft Mining
35:03 Imperial Age
33:49 Caravan
35:09 Elite Mameluke
36:10 Conscription
36:25 Hoardings
36:13 Ballistics
35:48 Murder Holes
37:26 Forging
37:17 Padded Archer Armor
42:30 Iron Casting
42:10 Leather Archer Armor
41:46 Fletching
45:56 Blast Furnace
45:26 Ring Archer Armor
The Graduate
4:17 Loom
12:22 Feudal Age
12:54 Double-Bit Axe
16:49 Wheelbarrow
20:40 Castle Age
19:13 Town Watch
19:26 Gold Mining
22:15 Gold Shaft Mining
21:48 Horse Collar
22:32 Heavy Plow
23:10 Hand Cart
25:42 Bow Saw
27:49 Stone Mining
31:12 Imperial Age
29:16 Fletching
31:29 Stone Shaft Mining
31:33 Forging
32:23 Town Patrol
32:47 Husbandry
33:36 Bloodlines
34:28 Cavalier
36:21 Scale Barding Armor
36:52 Iron Casting
37:02 Bodkin Arrow
43:39 Padded Archer Armor
43:53 Tusk Swords
48:16 Chemistry
47:37 Ballistics
RoroAPC
5:12 Loom
11:01 Feudal Age
15:59 Castle Age
16:25 Double-Bit Axe
16:42 Fletching
22:32 Husbandry
24:02 Wheelbarrow
24:00 Bodkin Arrow
24:38 Padded Archer Armor
25:38 Horse Collar
27:03 Bow Saw
28:14 Hand Cart
28:47 Leather Archer Armor
29:33 Ballistics
30:43 Thumb Ring
31:04 Parthian Tactics
32:58 Bloodlines
32:51 Light Cavalry
34:39 Scale Barding Armor
34:44 Forging
37:50 Imperial Age
36:43 Chain Barding Armor
36:58 Iron Casting
38:04 Hussar
39:21 Plate Barding Armor
39:46 Blast Furnace
40:35 Chemistry
42:16 Ring Archer Armor
43:28 Elite Skirmisher
45:01 Conscription
45:23 Cavalier
rogerthat19
11:49 Feudal Age
15:45 Double-Bit Axe
20:01 Castle Age
19:19 Gold Mining
19:35 Horse Collar
21:03 Fletching
21:42 Bow Saw
28:08 Ballistics
31:07 Padded Archer Armor
32:24 Heavy Plow
33:33 Stone Mining
38:17 Imperial Age
37:21 Leather Archer Armor
37:01 Bodkin Arrow
39:36 Bracer
40:06 Ring Archer Armor
39:42 Scale Barding Armor
39:48 Forging
42:55 Wheelbarrow
43:24 Two-Man Saw
44:39 Chemistry
43:32 Town Watch
43:45 Elite Conquistador
46:59 Murder Holes
Triceratops
3:48 Loom
12:03 Feudal Age
16:14 Castle Age
14:39 Double-Bit Axe
14:36 Horse Collar
17:29 Wheelbarrow
17:31 Bow Saw
17:46 Heavy Plow
22:48 Padded Archer Armor
25:10 Thumb Ring
30:21 Scale Mail Armor
30:34 Forging
30:24 Fletching
30:51 Leather Archer Armor
30:24 Arson
30:40 Squires
30:26 Gambesons
31:24 Gold Mining
31:28 Stone Mining
31:57 Light Cavalry
34:08 Chain Mail Armor
34:29 Iron Casting
35:16 Bodkin Arrow
41:10 Imperial Age
42:32 Plate Mail Armor
43:21 Conscription
43:18 Shield Wall
43:25 Elite Hearth Troop
47:17 Hoardings
46:43 Bracer
1438537544
5:10 Loom
12:04 Feudal Age
13:55 Double-Bit Axe
16:23 Castle Age
14:11 Double-Bit Axe
14:40 Horse Collar
15:51 Stone Mining
17:17 Bow Saw
26:21 Wheelbarrow
27:37 Hand Cart
31:29 Imperial Age
28:58 Fletching
29:08 Padded Archer Armor
30:25 Bodkin Arrow
30:46 Leather Archer Armor
33:17 Chemistry
33:27 Two-Man Saw
33:27 Bracer
33:57 Ring Archer Armor
34:45 Elite Genoese Crossbowman
35:58 Ring Archer Armor
36:35 Medium Warships
35:47 Elite Cannon Galleon
37:59 Heavy Warships
36:59 Demolition Ship
40:03 Ballistics
41:51 Heavy Plow
42:05 Masonry
45:29 Scale Mail Armor
45:42 Forging
流氓猪
4:11 Loom
11:45 Feudal Age
13:50 Double-Bit Axe
14:07 Horse Collar
19:06 Castle Age
18:51 Wheelbarrow
18:19 Padded Archer Armor
18:36 Gold Mining
19:57 Thumb Ring
20:00 Crossbowman
22:02 Fletching
23:03 Bodkin Arrow
24:42 Bow Saw
24:58 Leather Archer Armor
26:59 Ballistics
27:16 Heavy Plow
28:19 Hand Cart
28:22 Squires
33:37 Imperial Age
31:13 Stone Mining
33:28 Gold Shaft Mining
34:04 Stone Shaft Mining
33:41 Arbalester
34:28 Bracer
34:59 Ring Archer Armor
35:33 Chemistry
35:29 Crop Rotation
37:11 Siege Engineers
38:48 Fortified Wall
38:21 Treadmill Crane
39:43 Conscription
38:58 Elite Kamayuk
39:59 Forging
39:49 Scale Mail Armor
40:31 Fabric Shields
41:15 Iron Casting
42:30 Chain Mail Armor
45:14 Blast Furnace
44:45 Plate Mail Armor
46:40 Hoardings
Connection lost

Rejoining the realm…

Still unreachable

The connection could not be restored.

Session expired

The server has moved on; the page needs a fresh start.